AoeStats
← 給你舒服

Arena

510298874Analyzed
4v4 RM · 1d ago on Sep 30, 2026· 45m 33s· 8 players
Game mode
Random Map
Map size
Large (8 player)
Population
200
Speed
Normal
Resources
Standard
Victory
Conquest
Starting age
Dark Age
Ending age
Imperial Age
RankedLock teamsTeams togetherTeam positionsShared explorationLock speedFull tech treeHidden civsTurbo modeCheats
Victory
Defeat
🇮🇩 Huns · Indonesia
1288
+6
🇮🇩 Franks · Indonesia
957
+17
🇮🇩 Persians · Indonesia
937
+49
🇮🇩 Danes · Indonesia
825
+22
🇹🇼 Ethiopians · Taiwan
1022
-17
🇨🇳 Franks · China
992
-16
🇪🇸 Celts · Spain
991
-16
🇭🇰 Franks · Hong Kong SAR China
964
-14
Ubric21
11:12 Feudal Age
15:26 Castle Age
13:41 Horse Collar
15:02 Double-Bit Axe
18:59 Heavy Plow
20:56 Fervor
23:24 Wheelbarrow
23:05 Bow Saw
22:51 Gold Mining
24:42 Scale Mail Armor
24:53 Forging
24:22 Pikeman
24:56 Stone Mining
25:42 Gold Shaft Mining
26:26 Hand Cart
25:57 Loom
29:54 Imperial Age
28:14 Stone Shaft Mining
28:04 Chain Mail Armor
30:12 Iron Casting
29:59 Ballistics
29:34 Fletching
30:07 Heavy Scorpion
31:24 Halberdier
32:42 Plate Mail Armor
33:13 Blast Furnace
32:57 Bodkin Arrow
33:26 Conscription
33:48 Siege Engineers
34:44 Chemistry
33:56 Masonry
35:33 Furor Celtica
35:16 Stronghold
35:49 Arson
36:29 Murder Holes
給你舒服
10:20 Feudal Age
10:11 Loom
11:00 Double-Bit Axe
16:31 Castle Age
15:20 Fletching
17:11 Padded Archer Armor
17:10 Bodkin Arrow
17:39 Bow Saw
21:17 Crossbowman
26:31 Wheelbarrow
26:29 Gold Mining
29:31 Imperial Age
27:54 Scale Mail Armor
27:56 Padded Archer Armor
28:28 Forging
28:57 Ballistics
29:41 Arbalester
31:53 Thumb Ring
真真真的不会玩
10:33 Feudal Age
12:29 Double-Bit Axe
17:46 Castle Age
24:09 Wheelbarrow
25:44 Loom
29:57 Imperial Age
28:35 Bow Saw
28:59 Hand Cart
29:05 Forging
28:59 Husbandry
30:04 Gold Mining
31:06 Iron Casting
30:37 Scale Barding Armor
30:33 Cavalier
31:11 Ordonnance Companies
33:02 Blast Furnace
32:43 Conscription
32:25 Chivalry
35:58 Paladin
37:02 Chain Barding Armor
39:23 Squires
38:43 Pikeman
39:09 Arson
39:11 Gambesons
40:17 Halberdier
42:09 Elite Throwing Axeman
随风
0:40 Loom
11:49 Feudal Age
13:03 Double-Bit Axe
16:52 Castle Age
17:43 Bow Saw
20:04 Wheelbarrow
20:15 Stone Mining
21:00 Hand Cart
22:38 Gold Mining
25:31 Gold Shaft Mining
30:46 Imperial Age
28:24 Scale Barding Armor
28:30 Forging
28:24 Scale Mail Armor
28:07 Ordonnance Companies
28:15 Ordonnance Companies
29:28 Pikeman
30:08 Squires
29:53 Arson
30:06 Fletching
30:16 Padded Archer Armor
30:32 Chain Mail Armor
30:52 Iron Casting
30:51 Masonry
30:58 Bodkin Arrow
31:19 Halberdier
33:08 Elite Throwing Axeman
35:19 Plate Mail Armor
35:51 Blast Furnace
35:07 Leather Archer Armor
39:00 Scale Barding Armor
40:37 Architecture
40:18 Fortified Wall
39:49 Treadmill Crane
41:13 Murder Holes
41:04 Arrowslits
41:56 Hoardings
43:40 Man-at-Arms
44:05 Gambesons
44:39 Long Swordsman
45:44 Ballistics
-[ V G B ]-
10:19 Feudal Age
14:11 Castle Age
12:36 Double-Bit Axe
16:03 Wheelbarrow
15:44 Bow Saw
17:16 Horse Collar
23:08 Hand Cart
23:33 Gold Mining
23:36 Stone Mining
23:53 Heavy Plow
28:52 Imperial Age
26:36 Scale Barding Armor
27:13 Forging
27:41 Chain Barding Armor
28:06 Gold Shaft Mining
27:19 Town Watch
27:20 Loom
28:14 Town Patrol
28:36 Bloodlines
28:33 Marauders
29:36 Iron Casting
30:27 Plate Barding Armor
29:54 Husbandry
29:17 Elite Tarkan
30:18 Conscription
32:10 Blast Furnace
38:56 Scale Mail Armor
38:46 Fletching
38:57 Padded Archer Armor
41:47 Bodkin Arrow
42:08 Leather Archer Armor
44:46 Pikeman
45:26 Squires
45:12 Arson
45:38 Bracer
45:39 Scale Mail Armor
46:20 Ballistics
Lagi Gabut
0:30 Loom
10:27 Feudal Age
11:36 Horse Collar
11:44 Double-Bit Axe
14:19 Gold Mining
19:09 Castle Age
20:27 Elite Skirmisher
26:06 Padded Archer Armor
28:16 Wheelbarrow
27:43 Heavy Plow
27:55 Bow Saw
32:03 Gold Shaft Mining
31:19 Stone Mining
34:35 Imperial Age
33:49 Hand Cart
35:33 Ballistics
35:09 Murder Holes
35:27 Siege Engineers
36:23 Chemistry
35:28 Scale Mail Armor
35:39 Forging
35:27 Pikeman
38:32 Fletching
38:58 Leather Archer Armor
39:17 Squires
39:36 Halberdier
42:41 Ring Archer Armor
42:07 Bodkin Arrow
42:15 Murder Holes
44:17 Caravan
44:47 Coinage
SL | WHITE_ACE
10:35 Feudal Age
11:31 Double-Bit Axe
13:57 Loom
17:08 Castle Age
16:52 Gold Mining
17:34 Scale Barding Armor
17:49 Forging
19:17 Chain Barding Armor
18:58 Stone Mining
20:25 Gold Shaft Mining
20:07 Bow Saw
20:05 Fletching
21:12 Wheelbarrow
21:49 Iron Casting
21:38 Husbandry
24:52 Bodkin Arrow
27:15 Hand Cart
26:47 Town Watch
31:11 Imperial Age
29:18 Padded Archer Armor
29:22 Scale Mail Armor
29:40 Ordonnance Companies
33:09 Conscription
32:47 Cavalier
35:20 Onager
39:44 Elite Throwing Axeman
41:36 Town Patrol
43:12 Paladin
44:36 Caravan
commandermaven
10:52 Feudal Age
13:55 Loom
16:45 Castle Age
15:12 Double-Bit Axe
15:43 Horse Collar
24:56 Wheelbarrow
30:48 Crossbowman
31:34 Thumb Ring
32:02 Hand Cart
31:33 Town Watch
32:06 Bow Saw
31:56 Gold Mining
33:47 Kamandaran
36:14 Fletching
36:27 Padded Archer Armor
37:23 Ballistics
39:52 Bloodlines
39:44 Husbandry
42:16 Imperial Age
40:23 Town Patrol
Connection lost

Rejoining the realm…

Still unreachable

The connection could not be restored.

Session expired

The server has moved on; the page needs a fresh start.